[ AOE2 MATCH · #505166897 ]
UnrankedHindustanis vs Tupi
Rival team · LOSS
[ REPLAY ANALYSIS · EXTRACTED FROM THE RECORDED GAME ]
Feudal
—
Castle
—
Imperial
—
| APM avg | 76.9 |
| APM peak | 113 |
| eAPM avg | 26.6 |
| Villagers / military | 16 / 0 |
Focus
⚔️ 34.1% · 🌾 65.9%
Feudal
—
Castle
—
Imperial
—
| APM avg | 57.0 |
| APM peak | 77 |
| eAPM avg | 14.6 |
| Villagers / military | 21 / 0 |
Focus
⚔️ 12.6% · 🌾 87.4%
Match map
Initial resources + every placement click. Lines = walls · curves = elevation contours. ◆ gold · ⬟ stone · ● berries · ✦ relic · ◌ wall gap
Your base
TE MS MOE's base
Smoothed initial terrain · ◌ = detected wall gap · hover for details
Inputs per minute
— Gil-galad - - TE MS MOE
Build order — Gil-galad
24 actions detected in the replay
| 0:00 | Create | Villager (Male) |
| 0:01 | Create | Villager (Male) |
| 0:03 | Build | House |
| 0:03 | Build | House |
| 0:06 | Create | Villager (Male) |
| 0:06 | Create | Villager (Male) |
| 1:08 | Create | Villager (Male) |
| 1:29 | Create | Villager (Male) |
| 1:54 | Build | Lumber Camp |
| 1:59 | Create | Villager (Male) |
| 2:13 | Create | Villager (Male) |
| 2:53 | Create | Villager (Male) |
| 2:53 | Create | Villager (Male) |
| 2:59 | Build | House |
| 3:04 | Create | Villager (Male) |
| 4:06 | Create | Villager (Male) |
| 4:14 | Create | Villager (Male) |
| 4:52 | Create | Villager (Male) |
| 5:09 | Build | Mill |
| 5:20 | Create | Villager (Male) |
| 5:24 | Build | Mill |
| 5:32 | Create | Villager (Male) |
| 6:02 | Research | Loom |
| 6:43 | Research | Feudal Age |
Build order — TE MS MOE
28 actions detected in the replay
| 0:01 | Create | Villager (Male) |
| 0:02 | Build | House |
| 0:03 | Build | House |
| 0:12 | Create | Villager (Male) |
| 0:19 | Create | Villager (Male) |
| 0:29 | Create | Villager (Male) |
| 0:59 | Create | Villager (Male) |
| 0:59 | Create | Villager (Male) |
| 1:48 | Create | Villager (Male) |
| 2:15 | Build | Settlement |
| 2:24 | Create | Villager (Male) |
| 2:25 | Create | Villager (Male) |
| 2:25 | Create | Villager (Male) |
| 2:56 | Create | Villager (Male) |
| 2:57 | Create | Villager (Male) |
| 4:02 | Create | Villager (Male) |
| 4:02 | Create | Villager (Male) |
| 4:53 | Research | Loom |
| 4:54 | Research | Loom |
| 5:20 | Create | Villager (Male) |
| 5:21 | Create | Villager (Male) |
| 5:21 | Create | Villager (Male) |
| 5:21 | Create | Villager (Male) |
| 5:21 | Create | Villager (Male) |
| 5:21 | Create | Villager (Male) |
| 5:22 | Create | Villager (Male) |
| 6:19 | Build | House |
| 6:49 | Build | Town Center |
Match timeline
| 6:58 | TE MS MOE · resign |
[ AI ANALYSIS · 1 CREDIT ]
What really happened in this match?
Wolo.gg analyzes every decision: build order, eco, micro, common mistakes by bracket. Personalized analysis on WhatsApp or Discord in 30 seconds.
Civ guide
Hindustanis
Perfil
Jugador #322559